Map: Oxide LE

Players

TheShortCook

  • Race: Terran Terran
  • League: Master
  • Spawn Location: 7:00

Pumba - Winner!

  • Race: Zerg Zerg
  • League: Master
  • Spawn Location: 1:00

VOD

Have the link to the VOD?

Description

Time

  • Played on: Sept. 7, 2021, 5:52 p.m.
  • Length: 6:24
Show
View Real Time Build Order
Export as new Build Order

TheShortCook Terran 

Build Orders:  

Get SALT Encoding   

  12  0:00  SCV  
  13  0:12  SCV  
  14  0:17  Supply Depot  
  14  0:24  SCV  
  15  0:38  SCV  
  15  0:39  Barracks  
  16  0:45  Refinery  
  16  0:50  SCV  
  17  1:03  SCV  
  18  1:15  SCV  
  19  1:27  Supply Depot  
  19  1:28  Orbital Command  
  19  1:29  Reaper  
  19  1:32  Refinery  
  20  1:56  SCV  
  21  2:05  Factory  
  21  2:07  Marine  
  22  2:08  SCV  
  23  2:22  Command Center  
  23  2:25  SCV  
  23  2:27  Marine  
  25  2:41  SCV  
  26  2:45  Marine  
  27  2:51  Factory Tech Lab  
  27  2:53  SCV, Starport  
  28  2:58  Supply Depot  
  28  3:07  Marine  
  29  3:15  SCV  
  30  3:20  Cyclone  
  33  3:34  Bunker  
  33  3:38  Marine  
  33  3:40  SCV  
  33  3:41  Orbital Command  
  34  3:44  Starport Tech Lab  
  34  3:50  Fusion Core  
  34  3:52  Cyclone  
  36  4:02  Orbital Command  
  36  4:04  SCV  
  37  4:13  Bunker  
  37  4:16  SCV  
  38  4:19  Banshee  
  41  4:29  Engineering Bay  
  41  4:30  SCV  
  42  4:33  SCV  
  42  4:35  Marine  
  44  4:50  Supply Depot, SCV  
  44  4:51  SCV  
  46  4:54  Supply Depot  
  46  4:58  Missile Turret  
  46  5:03  SCV x2  
  45  5:15  SCV x2  
  48  5:27  SCV  
  33  5:39  Cyclone, Marine  
  33  5:40  SCV x2  
  23  5:52  SCV  
  23  5:53  SCV  
Show
View Real Time Build Order
Export as new Build Order

Pumba Zerg - Winner!

Build Orders: Pool First 

Get SALT Encoding   

  12  0:00  Drone  
  13  0:12  Overlord  
  13  0:17  Drone  
  14  0:30  Drone x2  
  16  0:36  Drone  
  17  0:47  Extractor  
  17  0:49  Spawning Pool  
  15  0:53  Drone  
  15  0:56  Drone  
  17  1:06  Drone  
  18  1:17  Drone  
  19  1:23  Hatchery  
  18  1:35  Queen  
  18  1:37  Zergling x2  
  21  1:44  Overlord  
  21  1:51  Metabolic Boost  
  21  2:01  Drone  
  21  2:04  Drone  
  23  2:18  Drone  
  23  2:20  Queen  
  26  2:25  Drone  
  27  2:37  Spore Crawler  
  27  2:43  Drone x3  
  30  2:46  Drone  
  31  2:53  Zergling x4  
  31  2:54  Drone  
  34  3:01  Overlord  
  34  3:07  Extractor  
  34  3:08  Roach Warren  
  34  3:09  Drone x2  
  34  3:20  Drone  
  34  3:21  Drone x4  
  34  3:26  Hatchery  
  38  3:34  Drone x3  
  41  3:44  Overlord  
  41  3:45  Overlord  
  41  3:54  Overlord  
  41  3:55  Roach  
  42  4:07  Roach x6  
  54  4:10  Overlord  
  54  4:21  Zergling x6  
  55  4:28  Ravager x2  
  55  4:29  Ravager x2  
  59  4:32  Zergling x4  
  59  4:33  Queen  
  59  4:36  Zergling x10  
  68  4:40  Overlord  
  68  4:43  Zergling x2  
  69  4:51  Zergling x2  
  69  4:52  Zergling x6  
  74  5:07  Zergling x12  
  71  5:22  Zergling x6  
  71  5:23  Zergling x8  
  76  5:37  Zergling x12  
  77  5:42  Zergling x4  
  74  5:54  Zergling x8  
  74  5:56  Spore Crawler  
  75  5:58  Spore Crawler  
  75  5:59  Spore Crawler  
  74  6:09  Drone x4  
Tags
 
Add a new tag
Caveats
  • Supply blocks, unpowered buildings, or Contaminate may cause inaccurate times.
  • Supply counts are checked every 10 seconds.